 Dungeon Crawl Stone Soup version 0.26-a0-505-g732bf3b8d2 (webtiles) character file.

Game seed: 18095696078437502201

1117 Gargoyl the Skirmisher (level 8, -4/67 HPs)
             Began as a Gnoll Abyssal Knight on Aug 9, 2020.
             Was a Priest of Lugonu.
             Killed by divine providence
             ... invoked by an orc priest
              (10 damage)
             ... on level 6 of the Dungeon.
             The game lasted 00:06:21 (5775 turns).

Gargoyl the Skirmisher (Gnoll Abyssal Knight)       Turns: 5775, Time: 00:06:22

Health: -4/67      AC: 13    Str: 16    XL:     8   Next: 34%
Magic:  12/12      EV: 21    Int: 14    God:    Lugonu [***...]
Gold:   428        SH:  0    Dex: 16    Spells: 13/13 levels left

rFire    . . .     SeeInvis .   a - +4 hand axe
rCold    . . .     Faith    .   (no shield)
rNeg     + . .     Spirit   .   u - +1 plate armour
rPois    .         Reflect  .   (no helmet)
rElec    .         Harm     .   (no cloak)
rCorr    .                      (no gloves)
MR       .....                  (no boots)
Stlth    ..........             m - amulet of the acrobat
HPRegen  0.21/turn              j - ring of positive energy
MPRegen  0.13/turn              (no ring)

@: acrobat, drained
A: distributed training, fangs 1, strong nose
a: Depart the Abyss, Bend Space, Banish, Renounce Religion


You were on level 6 of the Dungeon.
You worshipped Lugonu.
Lugonu was most pleased with you.
You visited 1 branch of the dungeon, and saw 6 of its levels.
You visited the Abyss 1 time.

You collected 428 gold pieces.

Inventory:

Hand Weapons
 a - a +4 hand axe (weapon)
 r - a +0 war axe
Armour
 u - a +1 plate armour (worn)
Jewellery
 j - a ring of positive energy (left hand)
 m - an amulet of the acrobat (around neck)
Wands
 t - a wand of digging (4)
Scrolls
 d - 5 scrolls of identify
 f - a scroll of blinking
 g - a scroll of fog
 h - 6 scrolls of remove curse
 q - 2 scrolls of teleportation
Potions
 b - a potion of haste {unknown}
 c - 3 potions of curing
 e - a potion of mutation {unknown}
 i - a potion of ambrosia {unknown}
 k - 2 potions of degeneration {unknown}
 l - 2 potions of cancellation {unknown}
 n - 2 potions of might {unknown}
 o - a potion of berserk rage {unknown}
 p - 2 potions of resistance {unknown}
 s - a potion of flight {unknown}


   Skills:
 + Level 7.3(6.7) Fighting
 + Level 3.2(2.6) Short Blades
 + Level 3.2(2.6) Long Blades
 + Level 5.6(5.0) Axes
 + Level 3.2(2.6) Maces & Flails
 + Level 3.2(2.6) Polearms
 + Level 3.2(2.6) Staves
 + Level 3.2(2.6) Slings
 + Level 3.2(2.6) Bows
 + Level 3.2(2.6) Crossbows
 + Level 3.2(2.6) Throwing
 + Level 5.6(5.0) Armour
 + Level 4.1(3.5) Dodging
 + Level 3.2(2.6) Stealth
 + Level 3.2(2.6) Shields
 + Level 3.2(2.6) Unarmed Combat
 + Level 3.2(2.6) Spellcasting
 + Level 2.6(2.0) Conjurations
 + Level 2.6(2.0) Hexes
 + Level 2.6(2.0) Summonings
 + Level 2.6(2.0) Necromancy
 + Level 2.6(2.0) Translocations
 + Level 2.6(2.0) Transmutations
 + Level 2.6(2.0) Fire Magic
 + Level 2.6(2.0) Ice Magic
 + Level 2.6(2.0) Air Magic
 + Level 2.6(2.0) Earth Magic
 + Level 2.6(2.0) Poison Magic
 + Level 5.8(5.2) Invocations
 + Level 3.2(2.6) Evocations


You had 13 spell levels left.
You didn't know any spells.
Your spell library contained the following spells:

 Spells                   Type           Power        Failure   Level
 Animate Skeleton         Necr           #.....       99%         1
 Apportation              Tloc           #.....       99%         1
 Corona                   Hex            #......      99%         1
 Summon Small Mammal      Summ           #...         99%         1


Dungeon Overview and Level Annotations

Branches:
Dungeon (6/15)             Temple (0/1) D:4

Altars:
Fedhas

Annotations:
D:4 1 runed translucent door, Ge0ff's ghost, weakling BaWr


Innate Abilities, Weirdness & Mutations

Your experience applies equally to all skills.
You have very sharp teeth.
Your uncanny sense of smell can sniff out nearby items.


Message History

A puff of flame appears from out of thin air!
The puff of flame hits you.
* * * LOW HITPOINT WARNING * * *
The wight barely misses you. x2; The orc priest barely misses you.
The orc priest mumbles some strange prayers to Beogh against you.
Beogh smites you!
* * * LOW HITPOINT WARNING * * *
Unknown command.
You feel better. Something hits you but does no damage.
The wight hits you with a +0 great sword.
* * * LOW HITPOINT WARNING * * *
You partially resist.
You feel drained.
The wight hits you from afar with a +5 halberd of freezing.
* * * LOW HITPOINT WARNING * * *
The wight freezes you.
* * * LOW HITPOINT WARNING * * *
Something closely misses you.
The orc priest invokes the aid of Beogh against you.
Beogh smites you!
You die...

###+##.....
#........
#......) #.....#
#.)...# #...)z#
######.J.oz##
...:...#?{$.#
.......#.@..#
.......#....#
.......#...[#
............##+
................
###........#!...
#.#......#.... #
##.#<#.#.#..
...###).. .?


You could see 2 wights, an orc priest and an ooze.

Vanquished Creatures
  3 ice beasts (D:5)
  3 ogres (D:5)
  A bullfrog skeleton (D:4)
  2 orc priests
  3 hounds
  3 orc wizards
  Jessica (D:2)
  An iguana (D:4)
  Natasha (thrice) (D:2)
  A worker ant (D:4)
  5 adders
  A white imp (D:5)
  2 oozes
  2 adder zombies
  3 worms
  5 dart slugs
  4 leopard geckos
  11 orcs
  2 giant cockroaches
  8 goblins
  5 hobgoblins
  7 jackals
  3 kobolds
  A quokka (D:5)
  2 ball pythons
  4 bats
  4 frilled lizards
  A leopard gecko skeleton (D:4)
  A leopard gecko zombie (D:5)
  2 quokka skeletons
  9 rats
103 creatures vanquished.

Vanquished Creatures (others)
  A withered plant (D:4)
1 creature vanquished.

Grand Total: 104 creatures vanquished

Notes
Turn   | Place    | Note
-------+----------+-------------------------------------------
     0 | Abyss:1  | Gargoyl the Gnoll Abyssal Knight began the quest for the
                  | Orb.
     0 | Abyss:1  | Reached XP level 1. HP: 23/23 MP: 3/3
    31 | Abyss:1  | Noticed a chaos spawn
    68 | Abyss:1  | Noticed a sixfirhy
    73 | D:1      | Escaped the Abyss
   459 | D:1      | Reached * piety under Lugonu
   513 | D:1      | Reached XP level 2. HP: 27/29 MP: 5/5
   803 | D:1      | Reached XP level 3. HP: 32/35 MP: 6/6
  1010 | D:1      | Found a blossoming altar of Fedhas.
  1455 | D:2      | Noticed Jessica
  1468 | D:2      | Killed Jessica
  1468 | D:2      | Reached skill level 1 in Short Blades
  1468 | D:2      | Reached skill level 1 in Long Blades
  1468 | D:2      | Reached skill level 1 in Maces & Flails
  1468 | D:2      | Reached skill level 1 in Polearms
  1468 | D:2      | Reached skill level 1 in Staves
  1468 | D:2      | Reached skill level 1 in Slings
  1468 | D:2      | Reached skill level 1 in Bows
  1468 | D:2      | Reached skill level 1 in Crossbows
  1468 | D:2      | Reached skill level 1 in Throwing
  1468 | D:2      | Reached skill level 1 in Stealth
  1468 | D:2      | Reached skill level 1 in Shields
  1468 | D:2      | Reached skill level 1 in Unarmed Combat
  1468 | D:2      | Reached skill level 1 in Spellcasting
  1468 | D:2      | Reached skill level 1 in Evocations
  1468 | D:2      | Reached XP level 4. HP: 35/41 MP: 7/7
  1564 | D:2      | Reached skill level 1 in Conjurations
  1564 | D:2      | Reached skill level 1 in Hexes
  1564 | D:2      | Reached skill level 1 in Summonings
  1564 | D:2      | Reached skill level 1 in Necromancy
  1564 | D:2      | Reached skill level 1 in Translocations
  1564 | D:2      | Reached skill level 1 in Transmutations
  1564 | D:2      | Reached skill level 1 in Fire Magic
  1564 | D:2      | Reached skill level 1 in Ice Magic
  1564 | D:2      | Reached skill level 1 in Air Magic
  1564 | D:2      | Reached skill level 1 in Earth Magic
  1564 | D:2      | Reached skill level 1 in Poison Magic
  1648 | D:2      | Noticed Natasha
  1654 | D:2      | Killed Natasha
  1654 | D:2      | Reached XP level 5. HP: 34/47 MP: 8/8
  1696 | D:2      | Noticed Natasha
  1712 | D:2      | Killed Natasha
  1778 | D:2      | Noticed Natasha
  1782 | D:2      | Killed Natasha
  2230 | D:3      | Reached ** piety under Lugonu
  2391 | D:3      | Reached skill level 5 in Invocations
  2391 | D:3      | Reached XP level 6. HP: 41/53 MP: 9/9
  2973 | D:4      | Reached skill level 5 in Axes
  2973 | D:4      | Reached skill level 5 in Armour
  3412 | D:4      | Found a staircase to the Ecumenical Temple.
  3672 | D:4      | Found a runed translucent door.
  3673 | D:4      | Noticed Ge0ff's ghost (weakling BaWr)
  4030 | D:4      | Reached XP level 7. HP: 46/59 MP: 10/10
  4188 | D:5      | Entered Level 5 of the Dungeon
  4278 | D:5      | Reached skill level 7 in Fighting
  4969 | D:5      | Reached XP level 8. HP: 28/67 MP: 12/12
  5756 | D:6      | Reached *** piety under Lugonu
  5775 | D:6      | Killed from afar by an orc priest

Illustrated notes

Levels and vault maps discovered:
D:1:      dpeg_arrival_tiny_a, layout_loops_cross, kennysheep_flooded_box,
          minmay_heptomino_d4
D:2:      layout_loops_ring, uniq_jessica, uniq_natasha
D:3:      cheibrodos_pilgrimage, layout_basic
D:4:      layout_basic, minmay_temple_entry_mini_moons, gammafunk_ghost_grave
D:5:      layout_basic
D:6:      layout_basic, kiku_gazebo_garden_becter,
          corexii_item_surrounded_by_moat, kennysheep_generic_room_14

Skill      XL: |  1  2  3  4  5  6  7  8 |
---------------+-------------------------+-----
Short Blades   | 1 2 3 |  3.2
Long Blades    | 1 2 3 |  3.2
Maces & Flails | 1 2 3 |  3.2
Polearms       | 1 2 3 |  3.2
Staves         | 1 2 3 |  3.2
Slings         | 1 2 3 |  3.2
Bows           | 1 2 3 |  3.2
Crossbows      | 1 2 3 |  3.2
Throwing       | 1 2 3 |  3.2
Stealth        | 1 2 3 |  3.2
Shields        | 1 2 3 |  3.2
Unarmed Combat | 1 2 3 |  3.2
Spellcasting   | 1 2 3 |  3.2
Evocations     | 1 2 3 |  3.2
Conjurations   | 1 2 |  2.6
Hexes          | 1 2 |  2.6
Summonings     | 1 2 |  2.6
Necromancy     | 1 2 |  2.6
Translocations | 1 2 |  2.6
Transmutations | 1 2 |  2.6
Fire Magic     | 1 2 |  2.6
Ice Magic      | 1 2 |  2.6
Air Magic      | 1 2 |  2.6
Earth Magic    | 1 2 |  2.6
Poison Magic   | 1 2 |  2.6
Dodging        | 3 4 |  4.1
Invocations    | 5 |  5.8
Axes           | 5 |  5.6
Armour         | 5 |  5.6
Fighting       | 7 |  7.3

Action                   |  1- 3 |  4- 6 |  7- 9 || total
-------------------------+-------+-------+-------++-------
Melee: Hand axe          |    75 |   176 |   139 ||   390
       Bite              |     4 |    16 |    17 ||    37
       Punch             |       |     1 |     2 ||     3
Invok: Depart the Abyss  |     1 |       |       ||     1
  Use: Scroll            |     3 |     8 |     2 ||    13
       Potion            |       |       |     1 ||     1
 Stab: Sleeping          |     1 |       |       ||     1
Armor: Leather armour    |     5 |       |       ||     5
       Scale mail        |     8 |    40 |       ||    48
       Plate armour      |       |    36 |    67 ||   103
Dodge: Dodged            |    62 |    77 |    49 ||   188

Table legend: (Time is in decaauts)
 A = Elapsed time spent in this place.
 B = Non-inter-level travel time spent in this place.
 C = Inter-level travel time spent in this place.
 D = Time resting spent in this place.
 E = Time spent auto-exploring this place.
 F = Levels seen in this place.
 G = Mean time per level.
                   A        B        C        D        E       F      G
               +--------+--------+--------+--------+--------+-----+--------+
         Total |   5800 |   5633 |    167 |   1140 |   3524 |   7 |  828.6 |
       Dungeon |   5727 |   5560 |    167 |   1140 |   3499 |   6 |  954.5 |
         Abyss |     73 |     73 |      0 |      0 |     25 |   1 |   73.0 |
               +--------+--------+--------+--------+--------+-----+--------+

Top non-repeatable levels by time:
     D:5: 1549 daAuts
     D:4: 1288 daAuts
     D:1: 1159 daAuts
     D:2: 975 daAuts
     D:3: 712 daAuts
 Abyss:1: 73 daAuts
     D:6: 42 daAuts
